Map: Battle on the Boardwalk LE

Players

Harstem - Winner!

  • Race: Protoss Protoss
  • League: Master
  • Spawn Location: 11:00

Guru

  • Race: Zerg Zerg
  • League: Grandmaster
  • Spawn Location: 1:00

Event: HomeStory Cup XVI

VOD

Have the link to the VOD?

Description

Time

  • Played on: Nov. 11, 2017, 5:06 p.m.
  • Length: 6:56

All games in this series

Show
View Real Time Build Order
Export as new Build Order

Harstem Protoss - Winner!

Build Orders: 1 Gate Expand, Oracle Opening 

Get SALT Encoding   

  1  0:00  Probe (Chrono Boost)  
  12  0:05  Probe (Chrono Boost)  
  14  0:17  Pylon  
  14  0:24  Probe (Chrono Boost)  
  16  0:37  Probe (Chrono Boost)  
  16  0:38  Gateway  
  16  0:43  Assimilator  
  16  0:49  Probe (Chrono Boost)  
  17  0:57  Probe (Chrono Boost)  
  17  1:03  Probe (Chrono Boost)  
  19  1:15  Probe (Chrono Boost)  
  20  1:22  Nexus  
  20  1:31  Assimilator  
  21  1:36  Cybernetics Core  
  20  1:42  Probe (Chrono Boost)  
  21  1:47  Pylon  
  21  1:54  Probe (Chrono Boost)  
  22  2:06  Probe (Chrono Boost)  
  23  2:13  Adept  
  23  2:15  Probe (Chrono Boost)  
  25  2:17  Stargate  
  25  2:21  Probe (Chrono Boost)  
  27  2:32  Probe (Chrono Boost)  
  29  2:37  Warp Gate, Probe (Chrono Boost)  
  29  2:43  Stalker  
  32  2:44  Probe (Chrono Boost)  
  32  2:49  Probe (Chrono Boost)  
  33  2:56  Probe (Chrono Boost)  
  34  3:00  Gateway  
  34  3:02  Oracle  
  38  3:06  Probe (Chrono Boost)  
  38  3:10  Probe (Chrono Boost)  
  39  3:13  Shield Battery  
  39  3:18  Probe (Chrono Boost)  
  39  3:19  Gateway  
  40  3:23  Probe (Chrono Boost)  
  41  3:27  Pylon  
  41  3:28  Probe (Chrono Boost)  
  41  3:29  Adept  
  45  3:35  Probe (Chrono Boost)  
  45  3:36  Assimilator  
  45  3:39  Probe (Chrono Boost)  
  45  3:46  Assimilator  
  45  3:47  Pylon  
  46  3:51  Probe (Chrono Boost)  
  46  3:52  Probe (Chrono Boost), Twilight Council  
  48  3:59  Probe (Chrono Boost)  
  48  4:01  Robotics Facility  
  50  4:03  Probe (Chrono Boost)  
  50  4:06  Probe (Chrono Boost)  
  50  4:09  Blink  
  51  4:15  Probe (Chrono Boost)  
  53  4:18  Probe (Chrono Boost)  
  53  4:21  Nexus  
  53  4:23  Pylon  
  53  4:27  Probe (Chrono Boost)  
  53  4:31  Gateway  
  54  4:34  Gateway  
  56  4:39  Probe (Chrono Boost)  
  56  4:43  Probe (Chrono Boost)  
  56  4:46  Sentry x2  
  56  4:47  Sentry  
  63  4:56  Shield Battery  
  63  4:58  Pylon  
  64  5:00  Warp Prism  
  64  5:08  Gateway  
  64  5:09  Gateway  
  64  5:11  Sentry x2  
  64  5:12  Sentry  
  70  5:15  Pylon  
  70  5:19  Probe (Chrono Boost)  
  71  5:24  Probe (Chrono Boost)  
  72  5:30  Sentry  
  72  5:31  Probe (Chrono Boost), Sentry  
  72  5:33  Pylon  
  78  5:36  Probe (Chrono Boost)  
  78  5:37  Forge  
  78  5:39  Observer  
  78  5:41  Stalker  
  78  5:42  Stalker  
  84  5:43  Probe (Chrono Boost)  
  84  5:47  Stalker  
  84  5:48  Probe (Chrono Boost)  
  87  5:57  Assimilator, Probe (Chrono Boost)  
  89  6:00  Pylon  
  89  6:03  Stalker x2  
  93  6:05  Stalker  
  93  6:07  Stalker  
  93  6:09  Stalker  
  98  6:15  Probe (Chrono Boost)  
  97  6:22  Probe x2 (Chrono Boost)  
  99  6:25  Assimilator  
  99  6:27  Probe (Chrono Boost)  
  99  6:32  Stalker x4  
  106  6:44  Probe (Chrono Boost)  
  106  6:45  Probe (Chrono Boost)  
  106  6:47  Photon Cannon, Stalker x2  
  109  6:48  Photon Cannon  
  109  6:49  Shield Battery  
Show
View Real Time Build Order
Export as new Build Order

Guru Zerg 

Build Orders: Hatch First 

Get SALT Encoding   

  12  0:00  Drone  
  13  0:12  Overlord  
  13  0:18  Drone  
  14  0:31  Drone x2  
  14  0:35  Drone  
  17  0:52  Hatchery  
  17  0:55  Drone  
  17  1:09  Spawning Pool  
  16  1:11  Extractor  
  16  1:13  Drone  
  16  1:17  Drone  
  17  1:20  Drone  
  18  1:28  Drone  
  19  1:55  Queen  
  19  1:56  Zergling x2  
  22  2:03  Queen  
  22  2:04  Drone x2  
  22  2:05  Drone  
  27  2:10  Metabolic Boost  
  27  2:12  Drone  
  28  2:16  Overlord  
  28  2:32  Hatchery  
  28  2:34  Drone  
  28  2:35  Drone  
  29  2:40  Drone x2  
  31  2:48  Overlord  
  31  2:53  Queen  
  33  3:04  Drone x3  
  36  3:09  Spore Crawler  
  36  3:10  Drone x2  
  36  3:11  Drone  
  36  3:12  Drone  
  39  3:16  Drone  
  40  3:25  Overlord  
  40  3:26  Roach Warren  
  39  3:27  Drone  
  39  3:32  Spore Crawler, Drone  
  40  3:37  Lair  
  40  3:42  Drone x2  
  40  3:48  Queen  
  42  3:50  Drone x2  
  42  3:52  Zergling x2  
  46  4:01  Drone  
  46  4:02  Drone x3  
  48  4:05  Overlord  
  48  4:06  Drone  
  48  4:09  Overlord  
  49  4:12  Overlord  
  49  4:17  Spore Crawler  
  49  4:20  Extractor  
  49  4:22  Evolution Chamber  
  49  4:23  Drone  
  49  4:24  Drone x2  
  48  4:27  Drone x2  
  51  4:33  Roach x2  
  51  4:34  Roach  
  57  4:39  Glial Reconstitution  
  57  4:42  Extractor, Drone  
  57  4:43  Drone  
  57  4:49  Drone  
  57  4:50  Drone  
  57  4:52  Drone x4  
  63  4:53  Drone  
  63  4:56  Drone  
  63  4:59  Drone  
  67  5:00  Drone x2  
  68  5:07  Hydralisk Den  
  68  5:09  Roach x2  
  68  5:13  Drone  
  71  5:14  Extractor, Drone x2  
  71  5:16  Drone  
  71  5:19  Overlord  
  73  5:22  Drone  
  73  5:25  Overlord  
  74  5:30  Overlord  
  74  5:37  Drone x2  
  74  5:41  Drone x3  
  74  5:42  Drone x2  
  81  5:45  Roach x2  
  85  5:50  Hydralisk  
  85  5:53  Hydralisk  
  89  5:58  Extractor, Drone x3  
  89  6:01  Hatchery  
  90  6:06  Roach x2  
  90  6:07  Ravager, Zergling x2  
  90  6:08  Zergling x2  
  90  6:09  Zergling x2  
  98  6:17  Roach  
  97  6:20  Zergling x2  
  97  6:21  Zergling x8  
  95  6:31  Roach  
  90  6:34  Roach x4  
  90  6:36  Roach  
Tags
 
Add a new tag
Caveats
  • Supply blocks, unpowered buildings, or Contaminate may cause inaccurate times.
  • Supply counts are checked every 10 seconds.